 Dungeon Crawl Stone Soup version 0.28.0-1-gb440e238dd (webtiles) character file.

Game seed: 4871672323289368924

416 sanka the Ducker (level 6, -3/46 HPs)
             Began as a Merfolk Conjurer on Feb 22, 2022.
             Was an Initiate of Yredelemnul.
             Slain by a sky beast (5 damage)
             ... on level 5 of the Dungeon.
             The game lasted 00:08:44 (5354 turns).

sanka the Ducker (Merfolk Conjurer)                 Turns: 5354, Time: 00:08:45

Health: -3/46      AC:  3    Str:  7    XL:     6   Next: 92%
Magic:  0/9        EV: 15    Int: 17    God:    Yredelemnul [......]
Gold:   27         SH:  0    Dex: 15    Spells: 6/9 levels left

rFire   . . .      SeeInvis .   i - +4 whip
rCold   . . .      Faith    .   (no shield)
rNeg    . . .      Spirit   .   a - +0 robe
rPois   .          Reflect  .   l - +0 helmet
rElec   .          Harm     .   (no cloak)
rCorr   .          Rampage  .   (no gloves)
Will    .....                   (no boots)
Stlth   ++........              (no amulet)
HPRegen 0.15/turn               (no ring)
MPRegen 0.11/turn               (no ring)

@: no status effects
A: (nimble swimmer 2), mertail
a: Renounce Religion, Recall Undead Harvest


You were on level 5 of the Dungeon.
You worshipped Yredelemnul.
Yredelemnul was noncommittal.
You visited 1 branch of the dungeon, and saw 5 of its levels.

You collected 188 gold pieces.
You spent 161 gold pieces at shops.

Inventory:

Hand Weapons
 b - a +0 dagger
 i - a +4 whip (weapon)
 m - a +0 halberd
 n - a +0 spear of distortion
Armour
 a - a +0 robe (worn)
 l - a +0 helmet (worn)
Wands
 q - a wand of acid (5)
Scrolls
 c - 4 scrolls of identify
 f - 2 scrolls of teleportation
 h - 2 scrolls of blinking
 p - a scroll of noise {unknown}
 r - a scroll of fog
Potions
 d - 2 potions of curing {unknown}
 e - 2 potions of attraction {unknown}
 g - a potion of ambrosia {unknown}
 j - 3 potions of degeneration {unknown}
 k - a potion of magic {unknown}
 o - a potion of heal wounds {unknown}
 s - 2 potions of lignification {unknown}


   Skills:
 + Level 2.4 Fighting
 + Level 5.4 Polearms
 + Level 6.1 Dodging
 - Level 2.1 Stealth
 - Level 2.0 Spellcasting
 - Level 4.0 Conjurations


You had 6 spell levels left.
You knew the following spells:

 Your Spells              Type           Power      Damage    Failure   Level
a - Magic Dart            Conj           60%        1d6       3%          1
b - Searing Ray           Conj           30%        2d5       5%          2

Your spell library contained the following spells:

 Spells                   Type           Power      Damage    Failure   Level
 Freeze                   Ice            4%         1d3       19%         1
 Dazzling Flash           Conj/Hex       16%        N/A       26%         3
 Mephitic Cloud           Conj/Pois/Air  6%         N/A       34%         3
 Frozen Ramparts          Ice            2%         1d2       50%         3
 Gell's Gravitas          Tloc           1%         N/A       50%         3
 Ignite Poison            Fire/Tmut/Pois 1%         N/A       50%         3
 Teleport Other           Tloc           1%         N/A       50%         3
 Fulminant Prism          Conj/Hex       4%         3d6       63%         4
 Hailstorm                Conj/Ice       8%         3d4       63%         4
 Iskenderun's Mystic Bla  Conj/Tloc      8%         2d4       63%         4
 Freezing Cloud           Conj/Ice/Air   3%         6-21      97%         5
 Dispersal                Tloc           0%         N/A       100%        6


Dungeon Overview and Level Annotations

Branches:
Dungeon (5/15)
 Temple: D:4-7

Altars:
Makhleb
Yredelemnul

Shops:
D:1 *[   D:4 ?


Innate Abilities, Weirdness & Mutations

((You are very nimble when in or above water. (Stealth+, EV+, Speed+++)))
Your lower body shifts to a powerful aquatic tail in water.


Message History

The sky beast is severely wounded.
You finish channelling your searing ray.
The sky beast misses you.
Your orc zombie misses the sky beast.
Unknown command.
The magic dart hits the sky beast.
The sky beast is almost dead.
The sky beast hits you. The sky beast shocks you.
Your orc zombie hits the sky beast but does no damage.
You barely miss the sky beast.
The sky beast is almost dead.
The sky beast hits you. The sky beast shocks you.
Your orc zombie completely misses the sky beast.
The sky beast flickers out of sight!
Deactivating autopickup; reactivate with Ctrl-A.
Something hits you. Something shocks you.
You hit something. Something hits you. Something shocks you.
You miss something. Something hits you. Something shocks you.
* * * LOW HITPOINT WARNING * * *
Unknown command.
You barely miss something. Something hits you.
* * * LOW HITPOINT WARNING * * *
Something shocks you.
* * * LOW HITPOINT WARNING * * *
A sky beast appears from thin air!
Reactivating autopickup.
The sky beast barely misses you.
Casting: Magic Dart (safe; 3% risk of failure)
Confirm with . or Enter, or press ? or * to list all spells.
Aiming: Searing Ray (safe; 5% risk of failure)
Press: ? - help, Shift-Dir - straight line, f/p - sky beast
Aim: a sky beast (almost dead, ally target, 67% to hit)
The searing ray misses the sky beast. (Press . to maintain the ray.)
You hit the sky beast.
The sky beast is almost dead.
The sky beast hits you.
* * * LOW HITPOINT WARNING * * *
The sky beast shocks you.
You die...
Your body rises from the dead as a mindless zombie.

......... #...#. #.. .########
####...#.##.. ........
............ ........
#..####..#.. ######## #..# ##Z#Z#
.......# #+# #..# #.#.#
######.#########.# #..#####.#.#
#.Z.......#.# #...........
##############.#@#####...#####..#
.>......<..# #.#.Y..Z....# #.>.
########.#.###.#######.#.## ####
.# #.........#..Z.........#
.###.###.#.####'''####.#..#
....<# #.#.##.......#..#..#
.###.# #.#.##.#####.####..# .#
#.# #.#.##.#...#.# ..# .# ...
..#.##.#._.#.# #


You could see a sky beast (ally target) and a friendly orc zombie.

Vanquished Creatures
  A water moccasin (D:5)
  An ogre (D:2)
  2 jellies (D:4)
  5 gnolls
  3 adders
  3 worms
  2 dart slugs
  6 orcs
  7 bats
  7 endoplasms
  2 giant cockroaches
  4 goblins
  6 hobgoblins
  5 jackals
  2 quokkas (D:2)
  7 ball pythons
  2 frilled lizards
  10 kobolds
  4 rats
79 creatures vanquished.

Notes
Turn   | Place    | Note
-------+----------+-------------------------------------------
     0 | D:1      | sanka the Merfolk Conjurer began the quest for the Orb.
     0 | D:1      | Reached XP level 1. HP: 13/13 MP: 3/3
   140 | D:1      | Found Titighoc's Assorted Antiques.
   216 | D:1      | Reached XP level 2. HP: 18/19 MP: 0/5
   272 | D:1      | Learned a level 2 spell: Searing Ray
   523 | D:1      | Found Inisaloq's Antique Armour Shop.
   979 | D:1      | Reached skill level 3 in Dodging
   979 | D:1      | Reached XP level 3. HP: 24/24 MP: 0/6
  1968 | D:2      | Reached skill level 4 in Dodging
  2137 | D:2      | Reached XP level 4. HP: 27/30 MP: 3/7
  2141 | D:2      | Reached skill level 5 in Dodging
  2376 | D:2      | Noticed an ogre
  2402 | D:2      | Killed an ogre
  2403 | D:2      | Reached XP level 5. HP: 35/35 MP: 0/8
  2894 | D:3      | You fall into a shaft and drop 1 floor!
  3257 | D:4      | Reached skill level 1 in Fighting
  3257 | D:4      | Reached XP level 6. HP: 43/43 MP: 2/9
  3663 | D:3      | Found a faded altar of an unknown god.
  3667 | D:3      | Prayed at the altar of an unknown god.
  3667 | D:3      | Became a worshipper of Yredelemnul the Dark
  3667 | D:3      | Reached * piety under Yredelemnul
  3987 | D:3      | Reached ** piety under Yredelemnul
  4064 | D:4      | Found Tithupun's Magic Scroll Emporium.
  4072 | D:4      | Bought a scroll of blinking for 105 gold pieces
  4072 | D:4      | Bought a scroll of identify for 28 gold pieces
  4487 | D:4      | Bought a scroll of fog for 28 gold pieces
  4930 | D:5      | Entered Level 5 of the Dungeon
  4944 | D:5      | Noticed a water moccasin
  4951 | D:5      | Killed a water moccasin
  4952 | D:5      | Reached skill level 5 in Polearms
  4952 | D:5      | Reached skill level 6 in Dodging
  5295 | D:5      | Found a burning altar of Makhleb.
  5320 | D:5      | Noticed a sky beast
  5354 | D:5      | HP: 2/46 [sky beast (4)]
  5354 | D:5      | Slain by a sky beast

Illustrated notes

Levels and vault maps discovered:
D:1:      eino_arrival_water_cross, layout_loops_corners, serial_shops, shop,
          nicolae_shop_statue_plus
D:2:      layout_loops_cross
D:3:      layout_basic, hellmonk_ecumenical_altar_heavens_door
D:4:      layout_basic, serial_shops, shop_scrolls
D:5:      layout_basic, mainiacjoe_overflow_alcove_4, zin_academy

Skill      XL: |  1  2  3  4  5  6 |
---------------+-------------------+-----
Conjurations   | 4 |  4.0
Dodging        | 3 4 5 6 |  6.1
Polearms       | 4 5 |  5.4
Fighting       | 1 2 |  2.4
Stealth        | |  2.1
Spellcasting   | |  2.0

Action                   |  1- 3 |  4- 6 || total
-------------------------+-------+-------++-------
Melee: Dagger            |    12 |       ||    12
       Whip              |     8 |    48 ||    56
 Cast: Magic Dart        |    74 |    85 ||   159
       Searing Ray       |     1 |     6 ||     7
  Use: Scroll            |       |     1 ||     1
 Stab: Distracted        |       |     1 ||     1
Armor: Robe              |     1 |     8 ||     9
Dodge: Dodged            |    10 |    37 ||    47
